[Event "Team 45 45 League T54"]
[Site "Internet Chess Club"]
[Date "2012.09.20"]
[Round "6"]
[White "scotty30"]
[Black "JohLeb"]
[Result "0-1"]
[WhiteElo "1446"]
[BlackElo "1450"]
[Opening "QGD Slav: 4.Nc3"]
[ECO "D15"]
[Time "15:36:38"]
[TimeControl "2700+45"]

1. d4 d5 2. c4 Nf6 3. Nc3 c6 4. Nf3 Bg4 5. e3 Nbd7 6. Be2 e6 7. b4 Bxb4 8. Bd2
Be7 9. Rb1 Qc7 10. Qb3 Rb8 11. a4 O-O 12. a5 a6 13. Na4 Ne4 14. c5 Bxf3 15. Bxf3
Nxd2 16. Kxd2 e5 17. Rhe1 exd4 18. exd4 Qf4+ 19. Kd3 Bg5 20. Qc2 Qf5+ 21. Kc3
Qxc2+ 22. Kxc2 Bd8 23. Re3 Bxa5 24. Reb3 b5 25. Nc3 Bxc3 26. Kxc3 Rfe8 27. Ra1
Ra8 28. Rba3 Nb8 29. g4 Re7 30. h4 Rea7 31. Ra5 Nd7 32. g5 f6 33. Bg4 Nf8 34.
Re1 Kf7 35. f4 Re7 36. Bh5+ g6 37. Rxe7+ Kxe7 38. gxf6+ Kxf6 39. Bg4 Ne6 40.
Bxe6 Kxe6 41. Kd3 Kf5 42. Ke3 Kg4 43. Ra1 a5 44. Rg1+ Kf5 45. Rg5+ Kf6 46. h5 a4
47. hxg6 hxg6 48. Kd3 b4 49. Kc2 a3 50. Rg1 Rb8 51. Kb3 a2 52. Kxa2 b3+ 53. Kb2
Rb4 54. Rd1 Kf5 55. Kc3 Rb5 56. Rf1 b2 57. Rb1 Kxf4 58. Rf1+ Ke4 59. Re1+ Kf3
60. Rb1 g5 61. Kd3 g4 {White resigns} 0-1

[Event "Team 45 45 League T54"]
[Site "Internet Chess Club"]
[Date "2012.09.24"]
[Round "6"]
[White "rubo"]
[Black "powerchess1"]
[Result "1-0"]
[WhiteElo "1684"]
[BlackElo "1718"]
[Opening "French: advance, Paulsen attack"]
[ECO "C02"]
[Time "19:04:12"]
[TimeControl "2700+45"]

1. e4 e6 2. d4 d5 3. e5 c5 4. c3 Nc6 5. Nf3 cxd4 6. cxd4 Bb4+ 7. Bd2 Qb6 8. Nc3
a6 9. a3 Bxc3 10. Bxc3 Bd7 11. Bd3 f6 12. exf6 Nxf6 13. O-O O-O 14. Ne5 Nxe5 15.
dxe5 Ne4 16. Bxe4 Bb5 17. Bd4 Qd8 18. Bd3 {Black resigns} 1-0

[Event "Team 45 45 League T54"]
[Site "Internet Chess Club"]
[Date "2012.09.30"]
[Round "6"]
[White "spongenotbob"]
[Black "Portola"]
[Result "1/2-1/2"]
[WhiteElo "1919"]
[BlackElo "1737"]
[Opening "QGD: classical variation (5.Bf4)"]
[ECO "D37"]
[Time "16:00:09"]
[TimeControl "2700+45"]

1. d4 d5 2. c4 e6 3. Nc3 Nf6 4. Nf3 Be7 5. Bf4 a6 6. e3 O-O 7. cxd5 exd5 8. Bd3
c6 9. h3 Be6 10. O-O h6 11. Ne5 Nbd7 12. Na4 Nxe5 13. Bxe5 Nd7 14. f4 f6 15. f5
Bf7 16. Bf4 Nb6 17. Nxb6 Qxb6 18. Qg4 Kh7 19. b3 Qb4 20. Qh4 Rh8 21. Be2 Kg8 22.
Bh5 Bxh5 23. Qxh5 Kf8 24. Qg6 Rd8 25. Rf3 Rd7 26. Rg3 Bd8 27. Qh5 Qe7 28. Rf1
Qf7 29. Rg6 Bc7 30. Bxc7 Rxc7 31. Rf3 Qe8 32. Rfg3 Re7 33. Qh4 Re4 34. R6g4 Rxg4
35. Qxg4 Rg8 36. Qf4 Kf7 37. Qg4 Qe7 38. Qh5+ Kf8 39. Qg4 Qd6 40. Qh4 Qc7 41.
Rg6 Qe7 42. Rg3 Qc7 43. Rg6 Qe7 44. Rg3 {Game drawn by mutual agreement} 1/2-1/2

[Event "Team 45 45 League T54"]
[Site "Internet Chess Club"]
[Date "2012.09.21"]
[Round "6"]
[White "g8wrb"]
[Black "drsigmund1"]
[Result "0-1"]
[WhiteElo "1415"]
[BlackElo "1602"]
[Opening "French: Tarrasch, closed variation"]
[ECO "C05"]
[Time "14:21:48"]
[TimeControl "2700+45"]

1. e4 e6 2. d4 d5 3. Nd2 Nf6 4. e5 Nfd7 5. f4 c5 6. c3 Nc6 7. Ndf3 cxd4 8. cxd4
a5 9. Bd3 a4 10. Ne2 Nb6 11. f5 Be7 12. g4 Nc4 13. Nc3 a3 14. Bxc4 dxc4 15. bxa3
Bxa3 16. O-O exf5 17. gxf5 Bxf5 18. Nb5 Bb4 19. a3 Be7 20. Be3 Bd3 21. Rf2 Qd7
22. Bg5 f6 23. exf6 gxf6 24. Bh4 O-O-O 25. Rg2 Rhg8 26. Qa4 Rxg2+ 27. Kxg2 Qg4+
28. Kf2 Be4 29. Qa8+ Kd7 30. Qxb7+ Ke8 31. Nc7+ Kf7 32. Ng5+ fxg5 {White
resigns} 0-1

[Event "Team 45 45 League T54"]
[Site "Internet Chess Club"]
[Date "2012.09.23"]
[Round "6"]
[White "sdcohle"]
[Black "AtomicDog"]
[Result "1-0"]
[WhiteElo "1433"]
[BlackElo "1359"]
[Opening "Nimzo-Indian defense"]
[ECO "E20"]
[Time "14:00:34"]
[TimeControl "2700+45"]

1. d4 Nf6 2. c4 e6 3. Nc3 Bb4 4. Bd2 Bxc3 5. Bxc3 Ne4 6. Qc2 Nxc3 7. Qxc3 O-O 8.
Nf3 b6 9. g3 Bb7 10. Bg2 d6 11. Rd1 Nd7 12. O-O Nf6 13. Rd3 Qe7 14. Rfd1 c5 15.
d5 e5 16. Nd2 e4 17. Re3 Bxd5 18. cxd5 Nxd5 19. Qb3 Nxe3 20. Qxe3 d5 21. f3 f5
22. fxe4 fxe4 23. b3 Rf6 24. Rf1 Rxf1+ 25. Nxf1 Re8 26. Nd2 d4 27. Qxe4 Qf7 28.
Qd3 Re3 29. Qc4 Qxc4 30. Nxc4 Rxe2 31. Bd5+ Kf8 32. a4 Ke7 33. h4 Kf6 34. Kf1
Rh2 35. Bg2 a6 36. Kg1 d3 37. Kxh2 {Black resigns} 1-0

[Event "Team 45 45 League T54"]
[Site "Internet Chess Club"]
[Date "2012.09.22"]
[Round "6"]
[White "perikitosax"]
[Black "LittleWarrior"]
[Result "0-1"]
[WhiteElo "1936"]
[BlackElo "1965"]
[Opening "Nimzo-Indian: three knights variation"]
[ECO "E21"]
[Time "10:11:37"]
[TimeControl "2700+45"]

1. d4 Nf6 2. c4 e6 3. Nc3 Bb4 4. Nf3 b6 5. Bg5 h6 6. Bh4 O-O 7. Nd2 Bb7 8. f3 d5
9. e3 c5 10. a3 Ba5 11. Bd3 Nc6 12. O-O Ba6 13. Kh1 cxd4 14. exd4 dxc4 15. Bxc4
Bxc4 16. Nxc4 Qxd4 17. Qxd4 Nxd4 18. Nxa5 bxa5 19. Rad1 Nf5 20. Bxf6 gxf6 21.
Rd3 Rab8 22. g4 Nh4 23. Rf2 Rfd8 24. Re3 Kg7 25. f4 Rd4 26. h3 Ng6 27. Ref3 h5
28. Kh2 hxg4 29. hxg4 Rh8+ 30. Kg3 f5 31. gxf5 Nh4 32. fxe6 fxe6 33. Re2 Nxf3
34. Kxf3 Kf7 35. Re5 Rd3+ 36. Ke4 Rhh3 37. f5 Rde3+ 38. Kd4 Rxe5 39. Kxe5 Rh5
{White resigns} 0-1

[Event "Team 45 45 League T54"]
[Site "Internet Chess Club"]
[Date "2012.09.24"]
[Round "6"]
[White "KW-Winner"]
[Black "siddhu"]
[Result "1-0"]
[WhiteElo "1890"]
[BlackElo "1847"]
[Opening "Queen's pawn, Mason variation"]
[ECO "D00"]
[Time "13:11:08"]
[TimeControl "2700+45"]

1. d4 d5 2. Bf4 Nf6 3. c4 e6 4. e3 Bb4+ 5. Nc3 Bxc3+ 6. bxc3 O-O 7. Bd3 b6 8.
Nf3 Bb7 9. h3 Nbd7 10. O-O h6 11. Bg3 dxc4 12. Bxc4 Ne4 13. Bh2 c5 14. Qb3 Ng5
15. Ne5 cxd4 16. cxd4 Nxe5 17. Bxe5 Rc8 18. Rfd1 Nxh3+ 19. gxh3 Bf3 20. Kh2 Bxd1
21. Rxd1 Qh4 22. Bg3 Qe4 23. Rg1 Rc6 24. Be5 g6 25. Bb5 Rc2 26. Rg2 Rcc8 27. Bd3
Qf3 28. Bxg6 fxg6 29. Rxg6+ {Black resigns} 1-0

[Event "Team 45 45 League T54"]
[Site "Internet Chess Club"]
[Date "2012.09.25"]
[Round "6"]
[White "elmaestro"]
[Black "blackcatdillac"]
[Result "1-0"]
[WhiteElo "1807"]
[BlackElo "1750"]
[Opening "English: symmetrical, main line with d4"]
[ECO "A39"]
[Time "21:12:18"]
[TimeControl "2700+45"]

1. c4 Nf6 2. g3 g6 3. Bg2 Bg7 4. Nf3 O-O 5. O-O c5 6. Nc3 Nc6 7. d4 Qb6 8. d5
Nd4 9. Nxd4 cxd4 10. Nb5 Ne8 11. e3 dxe3 12. Bxe3 Qa5 13. Bd4 a6 14. Bxg7 Nxg7
15. Nd4 e5 16. Nb3 Qc7 17. Rc1 d6 18. c5 Bd7 19. cxd6 Qxd6 20. Nc5 Rab8 21. Ne4
Qb6 22. d6 Ne8 23. Nc5 Bb5 24. Re1 Qxd6 25. a4 b6 26. axb5 bxc5 27. Qxd6 Nxd6
28. bxa6 Rxb2 29. a7 e4 30. Ra1 Ra8 31. Ra6 Nb5 32. Rea1 f5 33. Rb6 Kg7 34. Rb8
{Black resigns} 1-0

[Event "Team 45 45 League T54"]
[Site "Internet Chess Club"]
[Date "2012.09.22"]
[Round "6"]
[White "SlimeDog2"]
[Black "lacibacsi"]
[Result "0-1"]
[WhiteElo "2107"]
[BlackElo "2076"]
[Opening "King's Indian: fianchetto, Panno variation"]
[ECO "E63"]
[Time "16:00:22"]
[TimeControl "2700+45"]

1. Nf3 Nf6 2. c4 g6 3. d4 Bg7 4. g3 O-O 5. Bg2 d6 6. Nc3 Nc6 7. O-O a6 8. Qd3
Bd7 9. d5 Nb4 10. Qd1 a5 11. e4 e5 12. Rb1 Na6 13. h3 Nc5 14. Qc2 Nfxe4 15. Nxe4
Nxe4 16. Nxe5 Bxe5 {White resigns} 0-1

[Event "Team 45 45 League T54"]
[Site "Internet Chess Club"]
[Date "2012.09.22"]
[Round "6"]
[White "Greedy-Reedy"]
[Black "TerryMalloy"]
[Result "1/2-1/2"]
[WhiteElo "1955"]
[BlackElo "1935"]
[Opening "Petrov: modern attack, Symmetrical variation"]
[ECO "C43"]
[Time "09:04:35"]
[TimeControl "2700+45"]

1. e4 e5 2. Nf3 Nf6 3. d4 Nxe4 4. Bd3 d5 5. Nxe5 Nd7 6. Nxd7 Bxd7 7. O-O Bd6 8.
c4 c6 9. cxd5 cxd5 10. Qh5 O-O 11. Qxd5 Bc6 12. Qh5 g6 13. Qh3 Ng5 14. Bxg5 Qxg5
15. Nc3 Rae8 16. d5 Bxd5 17. f4 Qd8 18. Nxd5 Bc5+ 19. Kh1 Qxd5 20. Rac1 Bd4 21.
Bc4 Qf5 22. Qxf5 gxf5 23. b3 Kg7 24. g3 Re7 25. Rcd1 Rd8 26. Rd2 Red7 27. Rfd1
Rd6 28. Kg2 Bc5 29. Rd3 Rxd3 30. Rxd3 Rxd3 31. Bxd3 Kf6 32. g4 fxg4 33. Bxh7 Ke6
34. Be4 b6 35. h4 gxh3+ 36. Kxh3 f5 {Game drawn by mutual agreement} 1/2-1/2

[Event "Team 45 45 League T54"]
[Site "Internet Chess Club"]
[Date "2012.09.21"]
[Round "6"]
[White "sonoftill"]
[Black "zap2"]
[Result "1-0"]
[WhiteElo "2007"]
[BlackElo "1741"]
[Opening "Queen's pawn game"]
[ECO "A46"]
[Time "16:17:39"]
[TimeControl "2700+45"]

1. d4 Nf6 2. Nf3 e6 3. Bf4 d5 4. e3 c6 5. Nbd2 Nbd7 6. Bd3 Nh5 7. Bg5 Qb6 8. Nb3
h6 9. Bh4 g5 10. Nfd2 Nf4 11. exf4 gxh4 12. Qh5 c5 13. c4 cxd4 14. O-O Be7 15.
cxd5 Nf6 16. Qe5 exd5 17. Rfe1 Qe6 18. Qxd4 Qd6 19. Nc4 Qc6 20. Ne5 Qb6 21. Rac1
Qxd4 22. Nxd4 Bb4 23. Ng6+ Bxe1 24. Rxe1+ Kd8 25. Nxh8 Bd7 26. Nxf7+ Kc7 27.
Nxh6 Rf8 28. Rc1+ Kb8 29. Nhf5 Ne4 30. Ne7 Rxf4 31. Nxd5 Rxf2 32. Bxe4 Rd2 33.
Nf3 Rxb2 34. Nf6 Be6 35. Nxh4 Bxa2 36. Nd7+ {Black resigns} 1-0

[Event "Team 45 45 League T54"]
[Site "Internet Chess Club"]
[Date "2012.09.30"]
[Round "6"]
[White "beitmery"]
[Black "bgolev"]
[Result "0-1"]
[WhiteElo "1729"]
[BlackElo "1825"]
[Opening "Nimzo-Indian: classical, 4...c5"]
[ECO "E38"]
[Time "09:40:11"]
[TimeControl "2700+45"]

1. d4 Nf6 2. c4 e6 3. Nc3 Bb4 4. Qc2 c5 5. e3 O-O 6. Bd3 d5 7. Nf3 Nc6 8. O-O
dxc4 9. Bxc4 cxd4 10. Rd1 e5 11. exd4 exd4 12. Be3 Bg4 13. Bxd4 Bxf3 14. Bxf6
Bxd1 {White resigns} 0-1

[Event "Team 45 45 League T54"]
[Site "Internet Chess Club"]
[Date "2012.09.23"]
[Round "6"]
[White "barbak"]
[Black "LukeOZade"]
[Result "1/2-1/2"]
[WhiteElo "1926"]
[BlackElo "1631"]
[Opening "Ruy Lopez: Schliemann defense"]
[ECO "C63"]
[Time "12:02:14"]
[TimeControl "2700+45"]

1. e4 e5 2. Nf3 Nc6 3. Bb5 f5 4. d3 fxe4 5. dxe4 Nf6 6. Qd3 Nb4 7. Qe2 c6 8. Bc4
b5 9. Bb3 Qe7 10. Nc3 Na6 11. a3 Nc5 12. Ba2 d6 13. h3 g6 14. O-O a5 15. Kh2 b4
16. axb4 axb4 17. Bf7+ Qxf7 18. Rxa8 Qb7 19. Rxc8+ Qxc8 20. Bg5 Bg7 21. Bxf6
Bxf6 22. Nb1 Qa6 23. Qxa6 Nxa6 24. Nbd2 O-O 25. Ra1 Nc5 26. Ra7 Rf7 27. Ra8+ Rf8
28. Ra7 Rf7 {Game drawn by mutual agreement} 1/2-1/2

[Event "Team 45 45 League T54"]
[Site "Internet Chess Club"]
[Date "2012.09.24"]
[Round "6"]
[White "amicusUK"]
[Black "parrot9"]
[Result "1/2-1/2"]
[WhiteElo "1636"]
[BlackElo "1646"]
[Opening "Queen's pawn, Mason variation"]
[ECO "D00"]
[Time "15:00:25"]
[TimeControl "2700+45"]

1. d4 d5 2. Bf4 Nf6 3. e3 Nbd7 4. Nd2 e6 5. Bd3 Bd6 6. Bg3 O-O 7. f4 a6 8. Ngf3
c5 9. c3 b5 10. e4 dxe4 11. Nxe4 Nxe4 12. Bxe4 Rb8 13. Ne5 Qc7 14. O-O Nf6 15.
Bf3 Bb7 16. Rc1 Rfd8 17. Qe2 Rbc8 18. Bxb7 Qxb7 19. Bh4 Be7 20. dxc5 Bxc5+ 21.
Kh1 Be7 {Game drawn by mutual agreement} 1/2-1/2

[Event "Team 45 45 League T54"]
[Site "Internet Chess Club"]
[Date "2012.09.20"]
[Round "6"]
[White "seikster"]
[Black "lasker25"]
[Result "1/2-1/2"]
[WhiteElo "1853"]
[BlackElo "1913"]
[Opening "Sicilian: Smith-Morra gambit"]
[ECO "B21"]
[Time "20:00:37"]
[TimeControl "2700+45"]

1. e4 c5 2. d4 cxd4 3. c3 dxc3 4. Nxc3 d6 5. Nf3 Nc6 6. Bc4 a6 7. O-O Nf6 8. e5
dxe5 9. Qxd8+ Nxd8 10. Nxe5 e6 11. Be3 b5 12. Bb3 Bb7 13. Rac1 Bd6 14. f4 b4 15.
Na4 Nd5 16. Bxd5 Bxd5 17. Nb6 Rb8 18. Nxd5 exd5 19. Rfd1 Rb5 20. Nf3 O-O 21. Nd4
Ra5 22. Nf5 d4 23. Rxd4 Bc5 24. Rdc4 Bxe3+ 25. Nxe3 Rb5 26. Re4 Ne6 27. f5 Nc5
28. Rd4 Na4 29. Rc2 {Game drawn by mutual agreement} 1/2-1/2

[Event "Team 45 45 League T54"]
[Site "Internet Chess Club"]
[Date "2012.09.21"]
[Round "6"]
[White "CheeryCherry"]
[Black "creditordebit"]
[Result "0-1"]
[WhiteElo "1642"]
[BlackElo "1788"]
[Opening "Nimzovich-Larsen attack: Indian variation"]
[ECO "A01"]
[Time "20:30:30"]
[TimeControl "2700+45"]

1. b3 Nf6 2. Bb2 d6 3. Nf3 e5 4. e3 Bd7 5. Be2 Be7 6. O-O O-O 7. c4 c6 8. d4 e4
9. Nfd2 d5 10. c5 h6 11. Re1 Be6 12. Nf1 Nbd7 13. Ng3 b6 14. b4 Nh7 15. Nd2 f5
16. Bh5 a5 17. a3 Qb8 18. Qa4 b5 19. Qb3 a4 20. Qd1 f4 21. exf4 Qxf4 22. Qe2
Nhf6 23. Bc1 Nxh5 24. Nxh5 Qf7 25. h3 Rae8 26. Nf1 Nf6 27. Nf4 Bd7 28. Ng3 g5
29. Nfh5 Bd8 30. Be3 Bc7 31. Nxf6+ Qxf6 32. Qh5 Re7 33. Ra2 Rg7 34. Rd2 Kh7 35.
Rf1 Bxg3 36. Qe2 Bf4 37. Rdd1 g4 38. Bxf4 Qxf4 39. g3 Qf3 40. Qxf3 Rxf3 41. h4
{White resigns} 0-1

[Event "Team 45 45 League T54"]
[Site "Internet Chess Club"]
[Date "2012.09.22"]
[Round "6"]
[White "wildkingdumb2"]
[Black "rayonline53"]
[Result "1-0"]
[WhiteElo "1838"]
[BlackElo "1653"]
[Opening "Ruy Lopez: closed, Borisenko defense"]
[ECO "C96"]
[Time "18:00:14"]
[TimeControl "2700+45"]

1. e4 e5 2. Nf3 Nc6 3. Bb5 a6 4. Ba4 Nf6 5. O-O Be7 6. Re1 b5 7. Bb3 d6 8. c3
O-O 9. h3 Na5 10. Bc2 c5 11. d4 Nc6 12. Be3 Bb7 13. dxc5 dxc5 14. Nbd2 Qc7 15.
Qe2 c4 16. a4 Nd7 17. b4 Rfe8 18. Nf1 Bf8 19. Ng3 g6 20. Nh2 Bg7 21. Rad1 Nf8
22. a5 Ne6 23. Ng4 Rad8 24. Bb6 Qe7 25. Bxd8 Rxd8 26. Rxd8+ Ncxd8 27. Qd2 h5 28.
Ne3 h4 29. Ngf1 Bh6 30. Rd1 Bc6 31. Qd6 Qg5 32. Ng4 Bf8 33. Qxe5 Bg7 34. Qxg5
{Black resigns} 1-0

[Event "Team 45 45 League T54"]
[Site "Internet Chess Club"]
[Date "2012.09.23"]
[Round "6"]
[White "nursey"]
[Black "isolani"]
[Result "1-0"]
[WhiteElo "1623"]
[BlackElo "1596"]
[Opening "King's Indian: 5.Nf3"]
[ECO "E90"]
[Time "16:01:15"]
[TimeControl "2700+45"]

1. d4 Nf6 2. c4 g6 3. Nc3 Bg7 4. e4 d6 5. Nf3 Bg4 6. h3 Bxf3 7. Qxf3 Nc6 8. Be3
O-O 9. O-O-O e5 10. d5 Nd4 11. Bxd4 exd4 12. Rxd4 Nd7 13. Rd1 Qg5+ 14. Kc2 Ne5
15. Qe2 Rae8 16. Nb5 Re7 17. h4 Qf6 18. h5 Rfe8 19. hxg6 hxg6 20. f3 Nd7 21. Kb1
Ne5 22. Nd4 c5 23. dxc6 bxc6 24. Qc2 Rb7 25. Be2 Reb8 26. b3 c5 27. Nb5 Nxc4 28.
Kc1 Ne3 29. Rxd6 Qa1+ 30. Qb1 Bb2+ 31. Kd2 Qxb1 32. Rxb1 Bd4 33. Nxd4 cxd4 34.
Rxd4 Nxg2 35. Rd1 Nf4 36. Bc4 a5 37. Ke3 Ng2+ 38. Kf2 Nh4 39. Kg3 g5 40. Rd5
{Black resigns} 1-0

[Event "Team 45 45 League T54"]
[Site "Internet Chess Club"]
[Date "2012.09.22"]
[Round "6"]
[White "drsigmund1"]
[Black "oldsj"]
[Result "1/2-1/2"]
[WhiteElo "1602"]
[BlackElo "1612"]
[Opening "King's Indian: London system"]
[ECO "A45"]
[Time "15:00:30"]
[TimeControl "2700+45"]

1. d4 Nf6 2. Bf4 g6 3. Nf3 Bg7 4. e3 d6 5. Be2 O-O 6. Nbd2 c5 7. c3 Nc6 8. h3
Be6 9. O-O Qb6 10. b3 Rac8 11. Nc4 Bxc4 12. Bxc4 cxd4 13. exd4 Na5 14. Qd3 Nxc4
15. bxc4 Qa6 16. Rfb1 Nd5 17. Bd2 Nb6 18. Qe4 Rc7 19. c5 dxc5 20. Bf4 Rd7 21.
Ne5 Bxe5 22. Qxe5 Nc4 23. Qxc5 b6 24. Qc6 Qc8 25. Qxc8 Rxc8 26. Rc1 f6 27. Rab1
g5 28. Bh2 f5 29. Rb5 e6 30. Be5 Nxe5 31. Rxe5 Kf7 32. g4 Kf6 33. Rce1 Rd6 34.
gxf5 exf5 35. Re7 h6 36. Rxa7 Rxc3 37. Rb7 Kg6 38. d5 Rxd5 39. Rxb6+ Kh5 40.
Ree6 Rxh3 41. Rxh6+ Kg4 42. Rxh3 Kxh3 43. Rb3+ Kh4 44. a4 Rd1+ 45. Kg2 Ra1 46.
Rb4+ f4 47. Kf3 Ra3+ 48. Ke4 Kg4 49. Rd4 Rf3 50. Rd2 Ra3 51. Rd4 Rf3 52. Rd2
{Game drawn by mutual agreement} 1/2-1/2

[Event "Team 45 45 League T54"]
[Site "Internet Chess Club"]
[Date "2012.09.23"]
[Round "6"]
[White "Tjet"]
[Black "nosir"]
[Result "1-0"]
[WhiteElo "1468"]
[BlackElo "1503"]
[Opening "English, 1...Nf6 (Anglo-Indian defense)"]
[ECO "A15"]
[Time "20:02:44"]
[TimeControl "2700+45"]

1. c4 Nf6 2. g3 c6 3. Bg2 d5 4. cxd5 cxd5 5. Nf3 Nc6 6. O-O e5 7. d3 Be7 8. b3
O-O 9. Bb2 Bd6 10. Na3 Re8 11. Nc2 h6 12. h3 Be6 13. e3 Qc8 14. Kh2 Qd7 15. Rc1
Rac8 16. Nce1 Bf5 17. a3 a5 18. Nc2 b5 19. Re1 Qd8 20. Nh4 Be6 21. Nf3 Nh7 22.
Re2 Ng5 23. Ng1 f5 24. Ne1 f4 25. exf4 exf4 26. Nef3 fxg3+ 27. fxg3 Qd7 28. Nxg5
hxg5 29. Qd2 Bxg3+ 30. Kxg3 Qd6+ 31. Kf2 Rf8+ 32. Nf3 Bxh3 33. Qxg5 Rf7 34. Bxh3
Rcf8 35. Be6 Qh2+ 36. Qg2 Qh4+ 37. Qg3 Qh7 38. Bxf7+ Rxf7 39. Re8+ Rf8 40. Rxf8+
Kxf8 41. Qxg7+ Qxg7 42. Bxg7+ Kxg7 43. Rxc6 {Black resigns} 1-0

[Event "Team 45 45 League T54"]
[Site "Internet Chess Club"]
[Date "2012.09.22"]
[Round "6"]
[White "Fogbound"]
[Black "lawth3"]
[Result "1-0"]
[WhiteElo "1265"]
[BlackElo "1254"]
[Opening "Queen's pawn: London system"]
[ECO "A45"]
[Time "13:59:40"]
[TimeControl "2700+45"]

1. d4 Nf6 2. Bf4 e6 3. Nf3 c5 4. e3 b6 5. Be2 Bb7 6. c3 cxd4 7. exd4 Be7 8. Nbd2
O-O 9. O-O d6 10. Re1 Nbd7 11. Nc4 Qc7 12. Ncd2 Rfe8 13. Bd3 h6 14. Qc2 Bf8 15.
Ne4 Nxe4 16. Bxe4 Bxe4 17. Qxe4 Nf6 18. Qe3 Nd5 19. Qd2 Nxf4 20. Qxf4 Qc6 21.
Qg3 Re7 22. h3 Rae8 23. Nh2 e5 24. Ng4 Qb5 25. Nf6+ Kh8 26. Nxe8 Rxe8 27. Qf3
Qxb2 28. Qxf7 Rc8 29. Rac1 Qxa2 30. Qxa2 {Black resigns} 1-0

[Event "Team 45 45 League T54"]
[Site "Internet Chess Club"]
[Date "2012.09.24"]
[Round "6"]
[White "kingsleywang"]
[Black "rahulr"]
[Result "0-1"]
[WhiteElo "1477"]
[BlackElo "1523"]
[Opening "Alekhine's defense: exchange variation"]
[ECO "B02"]
[Time "20:03:46"]
[TimeControl "2700+45"]

1. e4 Nf6 2. e5 Nd5 3. c4 Nb6 4. d4 d6 5. exd6 cxd6 6. Nc3 g6 7. Nf3 Bg7 8. Be3
O-O 9. Be2 Bd7 10. O-O Nc6 11. Rc1 Rc8 12. Qd2 Bg4 13. b3 Re8 14. h3 Bxf3 15.
Bxf3 e5 16. dxe5 dxe5 17. Qxd8 Rcxd8 18. Ne4 f5 19. Nc5 e4 20. Be2 Nd4 21. Bxd4
Bxd4 22. Nxb7 Rd7 23. Na5 Rc8 24. b4 e3 25. f3 Na4 26. Rfe1 Bc3 27. Red1 Bd2 28.
Rc2 Rdd8 29. Nb7 Rd4 30. Bf1 Nc3 {White resigns} 0-1

[Event "Team 45 45 League T54"]
[Site "Internet Chess Club"]
[Date "2012.09.23"]
[Round "6"]
[White "Conjurer"]
[Black "XGG123"]
[Result "1-0"]
[WhiteElo "1513"]
[BlackElo "1347"]
[Opening "King's Indian: London system"]
[ECO "A45"]
[Time "13:32:58"]
[TimeControl "2700+45"]

1. d4 Nf6 2. Bf4 g6 3. Nf3 Bg7 4. e3 d5 5. Bd3 O-O 6. Nbd2 b6 7. O-O c5 8. c3
Re8 9. Bg5 Nc6 10. Bb5 Bb7 11. Ne5 Qc7 12. Bf4 Qc8 13. Re1 Nd7 14. Ndf3 a6 15.
Ba4 b5 16. Bc2 c4 17. Rb1 Ncxe5 18. dxe5 f6 19. exf6 exf6 20. Nd4 Ne5 21. Qd2
Qg4 22. Bd1 Qh4 23. Bg3 Qh6 24. b3 Nd3 25. Rf1 Rad8 26. Bg4 b4 27. bxc4 dxc4 28.
cxb4 Rxd4 29. Bf4 Rxf4 30. exf4 Qxf4 31. Qd1 Qe4 32. Bf3 Qe7 33. Bxb7 Qxb7 34.
Qg4 Re4 35. Qf3 Re7 36. b5 Qxf3 37. gxf3 axb5 38. Rxb5 Ne5 39. Rb8+ Kf7 40. a4
Nxf3+ 41. Kg2 Nh4+ 42. Kh3 Nf5 43. Rfb1 c3 44. Rc8 Re2 45. Rb7+ Ke6 46. f4 c2
47. Rc6+ Kd5 48. Rbc7 Bh6 49. Rxc2 Rxc2 50. Rxc2 Bxf4 51. a5 Bb8 52. a6 Nd4 53.
Rc8 Ba7 54. Rc7 Bb8 55. Rxh7 Nf3 56. a7 Bxa7 57. Rxa7 Ng5+ 58. Kg4 Ke5 59. Rg7
Ke6 60. Rxg6 Ke5 61. h4 Nh7 62. Rg8 f5+ 63. Kf3 f4 64. Rg4 Kf5 65. Rxf4+ Kg6 66.
Ra4 Kh5 67. Kg3 Nf6 68. Ra5+ Kg6 69. Rg5+ Kh6 70. Kf4 Nh5+ 71. Kf5 Ng7+ 72. Kg4
Ne6 73. Re5 Ng7 74. h5 Kh7 75. Kg5 Kg8 76. h6 Kh7 77. Re7 Kh8 78. hxg7+ Kh7 79.
Kf6 Kh6 80. Kf7 Kh7 81. g8=Q+ Kh6 82. Qg6# {Black checkmated} 1-0

[Event "Team 45 45 League T54"]
[Site "Internet Chess Club"]
[Date "2012.09.26"]
[Round "6"]
[White "hi12980"]
[Black "Check101"]
[Result "0-1"]
[WhiteElo "1569"]
[BlackElo "1560"]
[Opening "Ruy Lopez: closed, anti-Marshall 8.a4"]
[ECO "C88"]
[Time "23:28:05"]
[TimeControl "2700+45"]

1. e4 e5 2. Nf3 Nc6 3. Bb5 a6 4. Ba4 Nf6 5. O-O Be7 6. Re1 b5 7. Bb3 O-O 8. a4
Bb7 9. c3 d6 10. d4 exd4 11. cxd4 Na5 12. d5 Nxb3 13. Qxb3 c6 14. Nc3 Nd7 15.
axb5 Nc5 16. Qc4 axb5 17. Rxa8 Qxa8 18. Qe2 Re8 19. Bf4 b4 20. dxc6 Ba6 21. Qd2
bxc3 22. bxc3 Nd3 23. Ra1 Nxf4 24. Qxf4 Qxc6 25. Qe3 Bf6 26. Ra3 Rxe4 27. Qc1
Rc4 {White resigns} 0-1

[Event "Team 45 45 League T54"]
[Site "Internet Chess Club"]
[Date "2012.09.25"]
[Round "6"]
[White "sockmonkey"]
[Black "browndeer"]
[Result "1/2-1/2"]
[WhiteElo "1451"]
[BlackElo "1452"]
[Opening "King's Indian: Torre attack"]
[ECO "A48"]
[Time "00:00:14"]
[TimeControl "2700+45"]

1. d4 Nf6 2. Nf3 g6 3. Bg5 Bg7 4. Nbd2 d5 5. e3 O-O 6. Bd3 Nc6 7. c3 a6 8. O-O
Qd6 9. Bf4 Qd7 10. Ne5 Nxe5 11. dxe5 Nh5 12. Nb3 b6 13. Nd4 c5 14. Nf3 Nxf4 15.
exf4 e6 16. Rc1 Bb7 17. b4 c4 18. Bxc4 b5 19. Bb3 Rac8 20. Nd4 Rc7 21. Qd3 Rfc8
22. Rc2 Bh6 23. Ne2 Qe7 24. Qd4 Rc6 25. a4 bxa4 26. Bxa4 Rc4 27. Qd2 g5 28. g3
g4 29. Bb3 R4c7 30. Rfc1 Rd8 31. Nd4 Kh8 32. Qe2 Rg8 33. f3 Bxf4 34. Rd1 gxf3
35. Qxf3 Bxe5 36. Re1 Qd6 37. Kg2 Bxd4 38. cxd4 Rxc2+ 39. Bxc2 Qxb4 40. Qf6+ Rg7
41. Qd8+ Rg8 42. Qf6+ {Game drawn by mutual agreement} 1/2-1/2

[Event "Team 45 45 League T54"]
[Site "Internet Chess Club"]
[Date "2012.09.20"]
[Round "6"]
[White "palm47"]
[Black "BrerRabbit"]
[Result "1-0"]
[WhiteElo "1517"]
[BlackElo "1476"]
[Opening "Pirc: Byrne variation"]
[ECO "B07"]
[Time "19:03:29"]
[TimeControl "2700+45"]

1. e4 d6 2. d4 Nf6 3. Nc3 g6 4. Bg5 Bg7 5. Qd2 h6 6. Bf4 g5 7. Bg3 Nh5 8. Nge2
Nc6 9. O-O-O b6 10. d5 Ne5 11. Nd4 Bd7 12. Bb5 Bxb5 13. Ncxb5 Qd7 14. Bxe5 Bxe5
15. g3 a6 16. Nc3 Ng7 17. Nc6 O-O 18. Nxe5 dxe5 19. h4 f6 20. hxg5 hxg5 21. f4
Kf7 22. fxg5 Rh8 23. gxf6 exf6 24. Rhf1 Ke7 25. d6+ Qxd6 26. Nd5+ Ke6 27. Rxf6+
Kd7 28. Nxb6+ {Black resigns} 1-0

[Event "Team 45 45 League T54"]
[Site "Internet Chess Club"]
[Date "2012.09.22"]
[Round "6"]
[White "monkhammer"]
[Black "PsyMar"]
[Result "1-0"]
[WhiteElo "1462"]
[BlackElo "1317"]
[Opening "French: Winawer, advance, poisoned pawn, Konstantinopolsky variation"]
[ECO "C18"]
[Time "11:10:42"]
[TimeControl "2700+45"]

1. e4 e6 2. d4 d5 3. Nc3 Bb4 4. e5 c5 5. a3 Bxc3+ 6. bxc3 Ne7 7. Qg4 Qc7 8. Qxg7
Rg8 9. Qxh7 cxd4 10. Ne2 Nbc6 11. cxd4 Nxd4 12. Kd1 Qxe5 13. Bb2 Qf5 14. Qxf5
Ndxf5 15. h4 Rh8 16. h5 Rh7 17. g4 Nh6 18. f3 b6 19. Ng3 Bb7 20. Bd3 f5 21. g5
d4 22. Ke2 Ng4 23. fxg4 Bxh1 24. Rxh1 O-O-O 25. gxf5 exf5 26. Nxf5 Rd5 27. Nd6+
Rxd6 28. Bxh7 {Black resigns} 1-0